 Dungeon Crawl Stone Soup version 0.21.1-1-g345015f (webtiles) character file.

1185 Jawreze the Grave Robber (level 8, -1/58 HPs)
             Began as a Human Necromancer on May 31, 2018.
             Was a Follower of Ashenzari.
             Slain by a wyvern zombie (12 damage)
             ... on level 6 of the Dungeon.
             The game lasted 00:24:05 (7789 turns).

Jawreze the Grave Robber (Human Necromancer)        Turns: 7789, Time: 00:24:06

Health: -1/58      AC:  6    Str: 12      XL:     8   Next: 70%
Magic:  14/14      EV: 12    Int: 17      God:    Ashenzari [*.....]
Gold:   269        SH:  0    Dex: 10 (13) Spells: 2/15 levels left

rFire    . . .     SeeInvis .   x - +1 dagger (freeze)
rCold    . . .     Gourm    +   (no shield)
rNeg     . . .     Faith    .   D - +0 troll leather armour {Purgy}
rPois    .         Spirit   .   (no helmet)
rElec    .         Reflect  .   z - +0 cloak
rCorr    .         Harm     .   (no gloves)
MR       .....                  w - +0 pair of boots
Stlth    ++........             j - amulet of the gourmand (curse)
HPRegen  0.59/turn              s - +2 ring of strength
MPRegen  0.14/turn              (no ring)

@: no status effects
A: no striking features
a: Curse Item, Scrying, Renounce Religion


You were on level 6 of the Dungeon.
You worshipped Ashenzari.
Ashenzari was aware of your devotion.
You were not hungry.

You visited 1 branch of the dungeon, and saw 6 of its levels.
You also visited: Sewer.

You collected 269 gold pieces.

Inventory:

Hand Weapons
 d - a +0 club
 i - a +0 dagger
 l - a +0 hand axe
 x - a +1 dagger of freezing (weapon)
Missiles
 e - 188 stones (quivered)
Armour
 a - a +0 robe
 g - a +0 ring mail
 w - a +0 pair of boots (worn)
 z - a +0 cloak (worn)
 D - a +0 troll leather armour (worn) {Purgy}
Jewellery
 j - a cursed amulet of the gourmand (around neck)
 m - a cursed ring of teleportation
 s - a +2 ring of strength (left hand)
 C - a cursed ring of protection from cold
Wands
 J - a wand of clouds (6)
Scrolls
 f - 3 scrolls of enchant weapon {unknown}
 h - 4 scrolls of remove curse
 k - 7 scrolls of teleportation {unknown}
 o - 4 scrolls of identify {unknown}
 r - a scroll of fog {unknown}
 t - a scroll of magic mapping {unknown}
 v - a scroll of noise {unknown}
 y - a scroll of blinking {unknown}
 F - a scroll of fear {unknown}
Potions
 n - 3 potions of lignification {unknown}
 p - 2 potions of invisibility {unknown}
 q - a potion of brilliance {unknown}
 u - 2 potions of berserk rage
 A - a potion of curing {unknown}
 B - a potion of agility {unknown}
 E - a potion of mutation {unknown}
 G - 2 potions of flight {unknown}
 H - a potion of heal wounds {unknown}
Books
 b - a book of Necromancy

   Spells                             Type                      Level
   a - Pain                           Necromancy                   1
   b - Animate Skeleton               Necromancy                   1
   c - Vampiric Draining              Necromancy                   3
   d - Regeneration                   Charms/Necromancy            3
   e - Animate Dead                   Necromancy                   4
   f - Borgnjor's Vile Clutch         Necromancy/Earth             5
 I - a book of Geomancy

   Spells                             Type                      Level
   a - Sandblast                      Earth                        1
   b - Passwall                       Transmutation/Earth          2
   c - Stone Arrow                    Conjuration/Earth            3
   d - Petrify                        Transmutation/Earth          4
   e - Lee's Rapid Deconstruction     Earth                        5
Comestibles
 c - 15 rations


   Skills:
 + Level 3.5 Fighting
 - Level 3.0 Dodging
 - Level 2.0 Stealth
 + Level 4.4 Spellcasting
 - Level 3.0 Charms
 + Level 7.0 Necromancy
 * Level 3.0 Earth Magic


You had 2 spell levels left.
You knew the following spells:

 Your Spells              Type           Power        Failure   Level  Hunger
a - Pain                  Necr           ####         1%          1    None
b - Regeneration          Chrm/Necr      ###.......   7%          3    ###....
c - Animate Dead          Necr           N/A          11%         4    ####...
d - Borgnjor's Vile Clut  Necr/Erth      ###.......   54%         5    ######.


Dungeon Overview and Level Annotations

Branches:
Dungeon (6/15)
 Temple: D:4-7

Altars:
Ashenzari
Hepliaklqana
Makhleb
Ru
Xom

Shops:
D:5 [


Message History

The wyvern zombie bites you!
* * * LOW HITPOINT WARNING * * *
The crimson imp blinks!
Casting: Pain
Confirm with . or Enter, or press ? or * to list all spells.
You can't see any susceptible monsters within range! (Use Z to cast anyway.)
You hit the wyvern zombie but do no damage.
The wyvern zombie bites you.
* * * LOW HITPOINT WARNING * * *
The wyvern zombie barely misses you.
You hit the wyvern zombie.
The wyvern zombie is lightly damaged.
The wyvern zombie closely misses you.
You hit the wyvern zombie.
The wyvern zombie is lightly damaged.
The wyvern zombie barely misses you.
You hit the wyvern zombie but do no damage.
The wyvern zombie is lightly damaged.
The wyvern zombie misses you. The wyvern zombie bites you!
You die...

#### ##### ###
###..### #...#
#.###......# #...
#.##.......#
#...###.##.......#
#..##...##.......##
#.....@Z.#........#
#...####...5.....##
#...# ##........#
#...## ##......##
#....# #.....##
#....# #.....#
#....## ##....## ..
##....#
#..#..####...
#.....##
#.###........


You could see a crimson imp and a wyvern zombie.

Vanquished Creatures
  2 sky beasts (D:5)
  Purgy (Sewer)
  A centaur (D:5)
  A scorpion (D:4)
  4 crimson imps (D:5)
  A quasit (D:5)
  A bullfrog zombie (D:5)
  2 hounds
  An orc priest (D:3)
  Crazy Yiuf (D:3)
  2 centaur skeletons (D:4)
  Terence (D:3)
  3 worker ants
  2 orc wizards (D:5)
  A hound skeleton (D:4)
  8 adders
  A river rat (D:4)
  An ooze (D:1)
  3 adder skeletons (D:5)
  5 worms
  3 dart slugs
  6 leopard geckos
  20 orcs
  2 ball pythons
  10 bats
  5 giant cockroaches
  10 goblins
  5 hobgoblins
  4 jackals (D:2)
  15 kobolds
  2 quokkas (D:4)
  4 frilled lizards
  15 rats
143 creatures vanquished.

Notes
Turn   | Place    | Note
-------+----------+-------------------------------------------
     0 | D:1      | Jawreze the Human Necromancer began the quest for the Orb.
     0 | D:1      | Reached XP level 1. HP: 13/13 MP: 3/3
   139 | D:1      | Reached XP level 2. HP: 9/19 MP: 0/5
   718 | D:1      | Reached XP level 3. HP: 24/24 MP: 3/6
  1076 | D:1      | Learned a level 3 spell: Regeneration
  1335 | D:2      | Found a shattered altar of Ashenzari.
  1424 | D:2      | Reached XP level 4. HP: 30/30 MP: 5/7
  1999 | D:2      | Found a burning altar of Makhleb.
  2003 | D:2      | Reached skill level 1 in Charms
  2003 | D:2      | Reached skill level 5 in Necromancy
  2003 | D:2      | Reached XP level 5. HP: 21/35 MP: 1/9
  2202 | D:2      | Became a worshipper of Ashenzari the Shackled
  2343 | D:2      | Found a burning altar of Makhleb.
  3171 | D:3      | Reached XP level 6. HP: 19/42 MP: 0/10
  3463 | D:3      | Noticed Terence
  3492 | D:3      | Killed Terence
  3492 | D:3      | Reached skill level 1 in Fighting
  3623 | D:3      | Found a shimmering altar of Xom.
  3626 | D:3      | Found a shimmering altar of Xom.
  3626 | D:3      | Found a shimmering altar of Xom.
  3627 | D:3      | Found a shimmering altar of Xom.
  3655 | D:3      | Found a shimmering altar of Xom.
  3657 | D:3      | Found a shimmering altar of Xom.
  3659 | D:3      | Found a shimmering altar of Xom.
  3659 | D:3      | Found a shimmering altar of Xom.
  3660 | D:3      | Found a shimmering altar of Xom.
  3806 | D:3      | Found a runed door.
  4102 | D:3      | Found a hazy altar of Hepliaklqana.
  4125 | D:3      | Found a shimmering altar of Xom.
  4125 | D:3      | Found a sacrificial altar of Ru.
  4514 | D:3      | Noticed Crazy Yiuf
  4518 | D:3      | Killed Crazy Yiuf
  4920 | D:4      | Reached XP level 7. HP: 40/49 MP: 12/12
  4995 | D:4      | Learned a level 4 spell: Animate Dead
  5020 | D:4      | Reached * piety under Ashenzari
  5020 | D:4      | Found a glowing drain.
  5051 | D:4      | Reached skill level 6 in Necromancy
  5131 | Sewer    | Entered a sewer
  5155 | Sewer    | Noticed Purgy
  5167 | Sewer    | Killed Purgy
  6121 | D:5      | Entered Level 5 of the Dungeon
  6355 | D:5      | Found Moaheroz's Antique Armour Shop.
  6392 | D:5      | Reached XP level 8. HP: 39/57 MP: 3/13
  6468 | D:5      | Learned a level 5 spell: Borgnjor's Vile Clutch
  6530 | D:5      | Reached skill level 1 in Earth Magic
  7213 | D:5      | Reached skill level 7 in Necromancy
  7789 | D:6      | Slain by a wyvern zombie

Skill      XL: |  1  2  3  4  5  6  7  8 |
---------------+-------------------------+-----
Charms         | 1 2 3 |  3.0
Necromancy     | 5 6 7 |  7.0
Dodging        | 3 |  3.0
Spellcasting   | 3 4 |  4.4
Fighting       | 1 2 3 |  3.5
Earth Magic    | 3 |  3.0
Stealth        | |  2.0

Action                   |  1- 3 |  4- 6 |  7- 9 || total
-------------------------+-------+-------+-------++-------
Melee: Unarmed           |     5 |       |       ||     5
       Club              |     8 |       |       ||     8
       Dagger            |     6 |    47 |   400 ||   453
Throw: Stone             |       |    39 |     6 ||    45
 Cast: Pain              |    61 |   169 |    80 ||   310
       Regeneration      |       |       |     3 ||     3
       Animate Dead      |       |       |     2 ||     2
  Use: Potion            |       |     1 |       ||     1
       Scroll            |       |     1 |       ||     1
  Eat: Chunk             |    15 |    11 |     4 ||    30
Armor: Robe              |     5 |       |       ||     5
       Ring mail         |     4 |    53 |    16 ||    73
       Troll leather arm |       |       |   154 ||   154
Dodge: Dodged            |    32 |    74 |   269 ||   375
